 Dungeon Crawl Stone Soup version 0.28.0-53-g5a82cb258f (webtiles) character file.

Game seed: 9500630165828767589

502 cbfl8 the Sneak (level 6, 0/48 HPs)
             Began as a Demonspawn Delver on July 21, 2022.
             Killed by divine providence
             ... invoked by an orc priest
              (10 damage)
             ... on level 4 of the Dungeon.
             The game lasted 00:05:25 (4606 turns).

cbfl8 the Sneak (Demonspawn Delver)                 Turns: 4606, Time: 00:05:26

Health: 0/48       AC:  6    Str: 21    XL:     6   Next: 95%
Magic:  6/6        EV: 11    Int: 11    God:
Gold:   196        SH:  0    Dex: 14    Spells: 5/5 levels left

rFire   . . .      SeeInvis .   j - +0 war axe
rCold   . . .      Faith    .   (no shield)
rNeg    . . .      Spirit   .   n - +0 ring mail
rPois   .          Reflect  .   (no helmet)
rElec   .          Harm     .   o - +0 cloak
rCorr   .          Rampage  .   (no gloves)
Will    .....                   (no boots)
Stlth   ++........              m - amulet of magic regeneration
HPRegen 0.16/turn               h - +6 ring of strength
MPRegen 0.50/turn               (no ring)

@: lethally poisoned (0 -> -4)
A: powered by pain 1, demonic magic 2, weakness stinger 1, demonic touch 1
a: no special abilities


You were on level 4 of the Dungeon.
You visited 1 branch of the dungeon, and saw 5 of its levels.

You collected 196 gold pieces.

Inventory:

Hand Weapons
 a - a +0 hand axe
 j - a +0 war axe (weapon)
Armour
 b - a +0 leather armour
 n - a +0 ring mail (worn)
 o - a +0 cloak (worn)
Jewellery
 h - a +6 ring of strength (left hand)
 m - an amulet of magic regeneration (around neck)
Wands
 g - a wand of digging (2)
Scrolls
 c - a scroll of fog
 d - 3 scrolls of identify {unknown}
 e - 3 scrolls of fear
 k - 2 scrolls of immolation {unknown}
 p - a scroll of torment {unknown}
 r - a scroll of magic mapping
Potions
 f - a potion of haste
 i - 2 potions of curing {unknown}
 l - a potion of invisibility {unknown}
 q - a potion of degeneration {unknown}


   Skills:
 + Level 4.1 Fighting
 + Level 4.6 Axes
 + Level 2.7 Armour
 + Level 2.2 Dodging
 + Level 5.5 Stealth
 + Level 0.1 Evocations


You had 5 spell levels left.
You didn't know any spells.
Your spell library contained the following spells:

 Spells                   Type           Power      Damage    Failure   Level
 Conjure Ball Lightning   Conj/Air       0%         3x3d6     100%        6
 Discord                  Hex            0%         N/A       100%        8
 Disjunction              Tloc           0%         N/A       100%        8


Dungeon Overview and Level Annotations

Branches:
Dungeon (5/15)             Temple (0/1) D:5

Altars:

Shops:
D:2 [

Annotations:
D:3 1 runed translucent door, Crazy Yiuf


Innate Abilities, Weirdness & Mutations

You sometimes gain a little power by taking damage.
Spells you cast may paralyse nearby enemies.
You have a small tail.
Your touch may inflict minor irresistible damage on your foes.


Message History

The orc priest hits you with a +0 whip of venom.
You are poisoned.
Unknown command.
You barely miss the orc priest.
Your tail-slap misses the orc priest.
You feel very sick. The orc priest completely misses you.
The orc priest misses you.
You hit the orc priest.
You touch the orc priest.
The orc priest is moderately wounded.
You hit the orc.
You feel very sick. The orc hits you with a +0 morningstar!
The orc priest hits you but does no damage.
You are more poisoned.
The orc hits you with a +0 morningstar!
Unknown command.
You closely miss the orc priest.
The orc priest is moderately wounded.
You hit the orc.
You feel very sick.
The orc priest hits you but does no damage.
The orc hits you but does no damage.
You hit the orc priest. Your touch misses the orc priest.
The orc priest is moderately wounded.
You hit the orc.
You kill the orc!
You feel very sick. The orc priest barely misses you.
Unknown command.
You hit the orc priest.
Your tail-slap misses the orc priest.
Your touch misses the orc priest.
The orc priest is severely wounded.
You feel sick. The orc priest barely misses you.
The orc priest closely misses you.
Unknown command.
You hit the orc priest but do no damage.
The orc priest is severely wounded.
You feel sick.
The orc priest calls down the wrath of Beogh upon you.
Beogh smites you!
You die...

###....## #..# ###
###.......# #..# ##..
## #.........# #..#
##... .####
#........## #..###..##
...# #.........#
#..#...## ♣..#
##...>....# #.....##
♣..#
#........###...###
♣..###
##..)...###.....#
♣....##
#..@...#...#...# ♣
♣♣.....##
##)o....####...#
♣♣♣♣.......#####...###
#..##
...........##...#.##
##..##
.........{....#####
#...## ............###
##...## .........####
#....## #######..#
#...... #.## ##.....


You could see an orc priest.

Vanquished Creatures
  Grinder (D:3)
  A black bear (D:5)
  A hound (D:5)
  An orc wizard (D:4)
  Natasha (twice) (D:3)
  A gnoll (D:4)
  3 adders (D:2)
  A worm (D:2)
  3 dart slugs
  2 orcs
  7 ball pythons
  6 endoplasms
  3 giant cockroaches
  2 hobgoblins
  7 jackals (D:1)
  5 kobolds
  A quokka (D:3)
  6 bats
  4 frilled lizards
  3 goblins (D:1)
  4 rats
64 creatures vanquished.

Vanquished Creatures (others)
  7 fungi
  3 plants (D:1)
10 creatures vanquished.

Grand Total: 74 creatures vanquished

Notes
Turn   | Place    | Note
-------+----------+-------------------------------------------
     0 | D:5      | cbfl8 the Demonspawn Delver began the quest for the Orb.
     0 | D:5      | Reached XP level 1. HP: 18/18 MP: 1/1
   399 | D:3      | Noticed Grinder
   705 | D:1      | Gained mutation: Spells you cast may paralyse adjacent
                  | enemies. [demonic ancestry]
   705 | D:1      | Reached XP level 2. HP: 24/24 MP: 2/2
   715 | D:1      | Found a faded altar of an unknown god.
   873 | D:1      | Reached skill level 5 in Stealth
   932 | D:1      | Discovered your monstrous ancestry.
   932 | D:1      | Gained mutation: You have a small tail. [demonic ancestry]
   932 | D:1      | Reached XP level 3. HP: 9/29 MP: 3/3
  2093 | D:2      | Found Ruossety's Armour Emporium.
  2486 | D:2      | Gained mutation: Spells you cast may paralyse nearby
                  | enemies. [demonic ancestry]
  2486 | D:2      | Reached XP level 4. HP: 34/35 MP: 4/4
  3139 | D:3      | Reached skill level 1 in Armour
  3162 | D:3      | Noticed Natasha
  3166 | D:3      | Killed Natasha
  3299 | D:3      | Paralysed by Grinder for 4 turns
  3316 | D:3      | Paralysed by Grinder for 7 turns
  3324 | D:3      | Killed Grinder
  3325 | D:3      | Gained mutation: Your touch may inflict minor irresistible
                  | damage on your foes. [demonic ancestry]
  3325 | D:3      | Reached XP level 5. HP: 29/42 MP: 5/5
  3325 | D:3      | Gained mutation: You sometimes gain a little power by
                  | taking damage. [demonic ancestry]
  3325 | D:3      | Reached XP level 6. HP: 34/48 MP: 6/6
  3520 | D:3      | Found a runed translucent door.
  3521 | D:3      | Noticed Crazy Yiuf
  3931 | D:3      | Noticed Natasha
  3943 | D:3      | Killed Natasha
  4564 | D:5      | Noticed an ice beast
  4606 | D:4      | Killed from afar by an orc priest

Illustrated notes

Levels and vault maps discovered:
D:1:      amcnicky_arrival_gap_in_the_tavern_cellar, layout_basic,
          shapermc_ecumenical_altar_mp_ritualfount, minivault_5
D:2:      minmay_chambers_of_ones, layout_basic, serial_shops, shop
D:3:      layout_rooms, lightli_corner_chamber, uniq_crazy_yiuf_cottage,
          uniq_natasha, uniq_grinder
D:4:      layout_cave_pods, serial_rivers, chequers_serial_rivers_small_3,
          chequers_serial_rivers_micro_a, chequers_serial_rivers_room_b,
          chequers_serial_rivers_marsh, chequers_serial_rivers_micro_c,
          chequers_serial_rivers_small_3, nrook_campfire
D:5:      layout_gridville, minmay_temple_entry_proselytizer, serial_shops,
          nicolae_shop_behind_doors, grunt_ministairs_9, chequers_mini_garden,
          serial_park_tiny_pond, minivault_27

Skill      XL: |  1  2  3  4  5  6 |
---------------+-------------------+-----
Stealth        | 5 |  5.5
Axes           | 2 4 |  4.6
Armour         | 2 |  2.7
Dodging        | 2 |  2.2
Fighting       | 4 |  4.1
Evocations     | |  0.1

Action                   |  1- 3 |  4- 6 || total
-------------------------+-------+-------++-------
Melee: War axe           |    75 |    91 ||   166
       Hand axe          |     2 |       ||     2
       Tailslap          |     4 |    11 ||    15
       Punch             |       |     3 ||     3
       Touch             |       |     7 ||     7
Evoke: Wand              |       |     1 ||     1
  Use: Scroll            |     1 |       ||     1
       Potion            |       |     3 ||     3
 Stab: Sleeping          |     8 |     2 ||    10
Armor: Leather armour    |    26 |       ||    26
       Ring mail         |    12 |    36 ||    48
Dodge: Dodged            |    60 |    54 ||   114
